 Dungeon Crawl Stone Soup version 0.17.1-3-g152610e (webtiles) character file.

507 kaze the Ruffian (level 6, -8/61 HPs)
             Began as a Troll Berserker on Mar 9, 2016.
             Was a Priest of Trog.
             Killed by divine providence
             ... invoked by an orc priest
              (12 damage)
             ... on level 4 of the Dungeon.
             The game lasted 00:05:58 (2547 turns).

kaze the Ruffian (Troll Berserker)                  Turns: 2547, Time: 00:05:58

Health: -8/61      AC:  7    Str: 28    XL:     6   Next: 97%
Magic:  5/5        EV: 11    Int:  3    God:    Trog [***...]
Gold:   147        SH:  0    Dex:  9    Spells: 0 memorised, 5 levels left

rFire  . . .     SeeInvis .     q - -1 rapier (curse)
rCold  . . .     Clarity  .     l - +2 robe
rNeg   . . .     SustAt   .     (no shield)
rPois  .         Gourm    +     (helmet restricted)
rElec  .         Spirit   .     (no cloak)
rCorr  .         Warding  .     (gloves unavailable)
rMut   .         Stasis   .     (boots unavailable)
MR     .....                    (no amulet)
Stlth  +.........               (no ring)
                                (no ring)

@: lethally poisoned (-8 -> -11), exhausted, slowed, very slow, not resistant to
hostile enchantments, very unstealthy
A: unfitting armour, claws 3, fast metabolism 3, gourmand, regeneration 2,
shaggy fur 1, tough skin 2
a: Berserk, Trog's Hand, Burn Spellbooks, Renounce Religion


You were on level 4 of the Dungeon.
You worshipped Trog.
Trog was most pleased with you.
You were very full.

You visited 1 branch of the dungeon, and saw 4 of its levels.

You collected 147 gold pieces.

Inventory:

Hand Weapons
 o - a +0 mace of draining
 q - a cursed -1 rapier (weapon)
 r - a +0 flail of holy wrath
Armour
 a - a +0 animal skin
 l - a +2 robe (worn)
Wands
 n - a wand of magic darts (48)
Scrolls
 h - a scroll of identify
 m - 3 scrolls of enchant weapon
Potions
 c - 2 potions of brilliance {unknown}
 d - 2 potions of curing {unknown}
 e - a potion of resistance {unknown}
 f - a potion of agility
 g - 2 potions of ambrosia {unknown}
 k - a potion of poison {unknown}
Books
 s - a Grand Grimoire

   Spells                             Type                      Level
   a - Monstrous Menagerie            Summoning                    6
   b - Summon Greater Demon           Summoning                    7
   c - Malign Gateway                 Summoning/Translocation      7
   d - Summon Horrible Things         Summoning                    8
   Trog disapproves of the use of such an item.
Comestibles
 b - 4 bread rations
 i - 3 beef jerkies
 j - 5 meat rations
 p - a chunk of flesh


   Skills:
 + Level 3.6 Fighting
 + Level 0.5 Short Blades
 + Level 0.3 Maces & Flails
 + Level 4.7 Dodging
 - Level 0.2 Stealth
 + Level 5.0 Unarmed Combat


You had 5 spell levels left.
You didn't know any spells.

Dungeon Overview and Level Annotations

Branches:
Dungeon (4/15)
 Temple: D:4-7

Altars:
Dithmenos
Trog

Shops:
D:4 [


Innate Abilities, Weirdness & Mutations

You are too large for most types of armour.
You have claws for hands.
Your metabolism is lightning-fast.
You like to eat raw meat.
You heal very quickly.
You are covered in fur (AC +1).
You have very tough skin (AC +2).


Message History

You barely miss the orc priest.
The orc priest is lightly wounded.
You feel sick. The orc priest hits you.
* * * LOW HITPOINT WARNING * * *
The worker ant bites you but does no damage.
The orc priest hits you but does no damage.
The worker ant bites you.
* * * LOW HITPOINT WARNING * * *
You are more poisoned.
The worker ant poisons you!
You hit the orc priest but do no damage.
The orc priest is lightly wounded.
* * * LOW HITPOINT WARNING * * *
You feel very sick.
The worker ant bites you but does no damage.
The orc priest hits you but does no damage.
The worker ant barely misses you.
The orc priest calls down the wrath of Beogh upon you.
Something smites you!
You die...

#..... .#..... #
....... .# ....?..
.## #.<.... ...
#.... #§## ..#
#^..a#o§§# #.#
#.###@# #.#
#....§§§.§§.# #.#
##..#.#§#§### #.#
#.###.§§#
#..####.#####.# #§##
#.........##.###§.#
#######.##........##
..........#########
###########


You could see a worker ant and an orc priest.

Vanquished Creatures
  Sigmund (D:2)
  A crimson imp (D:4)
  A hound (D:3)
  An orc priest (D:4)
  Jessica (D:2)
  Terence (D:2)
  An orc wizard (D:4)
  2 worker ants (D:4)
  6 adders
  An ooze (D:3)
  2 worms
  A giant gecko (D:1)
  7 orcs
  A ball python (D:4)
  6 goblins
  7 hobgoblins
  5 jackals
  6 kobolds
  4 quokkas
  4 bats
  3 giant cockroaches (D:1)
  2 giant newts
  8 rats
72 creatures vanquished.

Notes
Turn   | Place    | Note
--------------------------------------------------------------
     0 | D:1      | kaze the Troll Berserker began the quest for the Orb.
     0 | D:1      | Reached XP level 1. HP: 22/22 MP: 0/0
   181 | D:1      | Reached XP level 2. HP: 29/29 MP: 1/1
   456 | D:1      | Reached ** piety under Trog
   762 | D:2      | Reached XP level 3. HP: 36/36 MP: 2/2
   880 | D:2      | Noticed Jessica
   889 | D:2      | Killed Jessica
   964 | D:2      | Reached XP level 4. HP: 44/44 MP: 3/3
  1022 | D:2      | Noticed Terence
  1029 | D:2      | Killed Terence
  1029 | D:2      | Reached skill level 4 in Unarmed Combat
  1138 | D:2      | Noticed Sigmund
  1149 | D:2      | Killed Sigmund
  1149 | D:2      | Reached XP level 5. HP: 53/53 MP: 4/4
  1339 | D:2      | Reached XP level 6. HP: 52/61 MP: 5/5
  1349 | D:2      | Found a bloodstained altar of Trog.
  2089 | D:3      | Reached *** piety under Trog
  2089 | D:3      | Reached skill level 5 in Unarmed Combat
  2271 | D:4      | Found Zikiskec's Armour Emporium.
  2521 | D:4      | Found a shadowy altar of Dithmenos.
  2547 | D:4      | Killed from afar by an orc priest

Action                   |  1- 3 |  4- 6 || total
-------------------------+-------+-------++-------
Melee: Unarmed           |    84 |    11 ||    95
       Mace              |       |    35 ||    35
       Rapier            |       |   131 ||   131
Invok: Berserk           |       |     4 ||     4
       Trog's Hand       |       |     1 ||     1
  Use: Scroll            |       |     5 ||     5
  Eat: Chunk             |     9 |    15 ||    24
       Bread ration      |       |     2 ||     2
